 Dungeon Crawl Stone Soup version 0.25-a0-340-ga1faa1601d (webtiles) character file.

Game seed: 5222697649513725178, levelgen mode: classic

297 Borgoz the Shield-Bearer (level 6, 0/39 HPs)
             Began as a Gargoyle Fighter on Dec 29, 2019.
             Slain by an ogre
             ... wielding a +0 giant spiked club
              (19 damage)
             ... on level 4 of the Dungeon.
             The game lasted 00:05:51 (3291 turns).

Borgoz the Shield-Bearer (Gargoyle Fighter)         Turns: 3291, Time: 00:05:52

Health: 0/39       AC: 11    Str: 19    XL:     6   Next: 35%
Magic:  0/6        EV:  7    Int:  9    God:
Gold:   60         SH:  9    Dex: 11    Spells: 5/5 levels left

rFire    . . .     SeeInvis .   a - +0 flail
rCold    . . .     Gourm    .   c - +0 shield
rNeg     + . .     Faith    .   b - +0 scale mail
rPois    ∞         Spirit   +   (no helmet)
rElec    +         Reflect  .   (no cloak)
rCorr    +         Harm     .   (no gloves)
MR       .....                  (no boots)
Stlth    ..........             q - amulet of guardian spirit
HPRegen  0.13/turn              o - ring of resist corrosion
MPRegen  0.10/turn              (no ring)

@: no status effects
A: negative energy resistance 1, electricity resistance, unbreathing,
petrification resistance, rot immunity, AC +4
a: no special abilities


You were on level 4 of the Dungeon.
You were near starving.

You visited 1 branch of the dungeon, and saw 4 of its levels.
You also visited: Sewer.

You collected 60 gold pieces.

Inventory:

Hand Weapons
 a - a +0 flail (weapon)
Armour
 b - a +0 scale mail (worn)
 c - a +0 shield (worn)
Jewellery
 o - a ring of resist corrosion (left hand)
 q - an amulet of guardian spirit (around neck)
Scrolls
 e - a scroll of enchant weapon {unknown}
 g - a scroll of remove curse {unknown}
 i - 2 scrolls of immolation {unknown}
 j - 3 scrolls of teleportation {unknown}
 k - 2 scrolls of amnesia {unknown}
 n - 2 scrolls of enchant armour {unknown}
 p - 2 scrolls of fog {unknown}
 r - 2 scrolls of noise {unknown}
 w - a scroll of identify
 y - a scroll of fear {unknown}
Potions
 d - 2 potions of might
 h - a potion of agility {unknown}
 l - a potion of ambrosia
 s - 2 potions of resistance
 t - a potion of flight {unknown}
 u - 6 potions of curing {unknown}
 v - 3 potions of heal wounds {unknown}
 x - a potion of brilliance
Comestibles
 f - 8 rations


   Skills:
 + Level 4.3 Fighting
 * Level 4.3 Maces & Flails
 + Level 4.4 Armour
 + Level 4.5 Shields


You had 5 spell levels left.
You didn't know any spells.
Your spell library was empty.

Dungeon Overview and Level Annotations

Branches:
Dungeon (4/15)              Sewer (visited)
 Temple: D:4-7

Altars:
Cheibriados
Sif Muna
Uskayaw
Wu Jian

Annotations:
D:3 Blork the orc


Innate Abilities, Weirdness & Mutations

You are resistant to torment.
Your stone body is resilient. (AC +4)
You are immune to poison.
You resist negative energy. (rN+)
You are resistant to electric shocks. (rElec)
You can survive without breathing.
You are immune to petrification.
You are immune to rotting.


Message History

The quokka bites you but does no damage. x2
The ogre barely misses you.
You hit the ogre but do no damage.
The ogre is moderately wounded.
You block the quokka's attack. The ogre barely misses you.
You barely miss the ogre.
The ogre is moderately wounded.
You block the quokka's attack. The quokka barely misses you.
You sock the ogre!
The ogre is heavily wounded.
You block the ogre's attack. The quokka bites you.
You see here a rapier.
You block the quokka's attack. The quokka bites you.
You hit the ogre but do no damage.
The ogre is heavily wounded.
The ogre barely misses you.
You hit the ogre.
The ogre is severely wounded.
The ogre hits you with a +0 giant spiked club!!
You die...

######### .......<#
.###############
...............#
##############.###
..........## #
..#####.#..##+##.#
#.#@##..?#.# #
...#.#O#......#.#
.......r.........#
###.......)......##
#................#
#..................
...................
...................
...................


You could see an ogre and a quokka.

Vanquished Creatures
  A big kobold (Sewer)
  An orc wizard (D:3)
  7 adders
  3 river rats (Sewer)
  A shadow imp (D:2)
  2 worms
  A dart slug (D:3)
  2 leopard geckos (D:2)
  2 orcs (D:3)
  8 ball pythons
  2 hobgoblins (D:1)
  8 jackals (D:1)
  6 bats
  7 frilled lizards
  3 goblins
  20 kobolds
  33 rats
107 creatures vanquished.

Notes
Turn   | Place    | Note
-------+----------+-------------------------------------------
     0 | D:1      | Borgoz the Gargoyle Fighter began the quest for the Orb.
     0 | D:1      | Reached XP level 1. HP: 14/14 MP: 1/1
    64 | D:1      | Reached XP level 2. HP: 16/19 MP: 2/2
   759 | D:2      | Reached XP level 3. HP: 23/23 MP: 3/3
   769 | D:2      | Found an ornate altar of the Wu Jian Council.
  1769 | D:3      | Found a glowing drain.
  1808 | D:3      | Reached XP level 4. HP: 25/29 MP: 4/4
  1855 | Sewer    | Entered a sewer
  2038 | Sewer    | Reached XP level 5. HP: 21/33 MP: 5/5
  2220 | Sewer    | Noticed a big kobold
  2232 | Sewer    | Killed a big kobold
  2279 | Sewer    | Reached XP level 6. HP: 38/38 MP: 6/6
  2596 | D:3      | Found a hide-covered altar of Uskayaw.
  2845 | D:3      | Found a snail-covered altar of Cheibriados.
  2896 | D:3      | Noticed Blork the orc
  2905 | D:3      | Found a shimmering blue altar of Sif Muna.
  3291 | D:4      | Slain by an ogre

Levels and vault maps discovered:
D:1:      saegor_arrival_miasma, layout_basic
D:2:      layout_basic, nicolae_overflow_crystal_walls, first_ration
D:3:      layout_rooms, nicolae_overflow_hidden_temple, marbit_many_paths,
          tgw_sif, portal_sewer_entry_a
D:4:      layout_basic, gammafunk_temple_overflow_statue, serial_shops, shop,
          roderic_batcave

Skill      XL: |  1  2  3  4  5 |
---------------+----------------+-----
Maces & Flails | 3 4 |  4.3
Shields        | 4 |  4.5
Armour         | 4 |  4.4
Fighting       | 4 |  4.3

Action                   |  1- 3 |  4- 6 || total
-------------------------+-------+-------++-------
Melee: Flail             |   147 |   275 ||   422
  Use: Scroll            |     2 |     3 ||     5
       Potion            |       |     2 ||     2
 Stab: Invisible         |       |     1 ||     1
  Eat: Chunk             |     3 |     4 ||     7
Armor: Scale mail        |    82 |   257 ||   339
Dodge: Dodged            |    47 |   187 ||   234
Block: Shield            |    86 |   212 ||   298

Table legend:
 A = Non-vault XP
 B = Vault XP
 C = Vault XP percentage of total XP
 D = Non-vault monster count
 E = Vault monster count
 F = Vault count percentage of total count
                 A         B        C        D         E       F
            +---------+---------+-------+---------+---------+-------
      Total |     185 |     240 |  56.5 |      53 |      54 |  50.5
            +---------+---------+-------+---------+---------+-------
        D:1 |      30 |       0 |   0.0 |      19 |       0 |   0.0
        D:2 |      46 |       0 |   0.0 |      14 |       0 |   0.0
        D:3 |     109 |       8 |   6.8 |      20 |       6 |  23.1
      Sewer |       0 |     232 | 100.0 |       0 |      48 | 100.0
            +---------+---------+-------+---------+---------+-------
